 Dungeon Crawl Stone Soup version 0.19-a0-1008-g4c63d25 (webtiles) character file.

73136 Kurtz the Bludgeoner (level 15, -10/113 HPs)
             Began as a Mummy Berserker on July 22, 2016.
             Was a High Priest of Trog.
             Mangled by a catoblepas (11 damage)
             ... on level 6 of the Lair of Beasts.
             The game lasted 01:09:18 (37917 turns).

Kurtz the Bludgeoner (Mummy Berserker)             Turns: 37917, Time: 01:09:19

Health: -10/113    AC: 24    Str: 22    XL:     15   Next: 3%
Magic:  15/15      EV:  2    Int:  7    God:    Trog [*****.]
Gold:   1664       SH:  0    Dex: 19    Spells: 0 memorised, 14 levels left

rFire  . . .     SeeInvis .     B - +2 great mace (protect)
rCold  + . .     Gourm    .     x - +1 chain mail {rF+}
rNeg   + + +     Faith    +     (shield currently unavailable)
rPois  ∞         Spirit   .     d - +2 helmet
rElec  .         Dismiss  .     A - +1 cloak
rCorr  .         Reflect  .     c - +0 pair of gloves
SustAt .         Harm     .     e - +0 pair of boots
MR     +....                    l - amulet of faith
Stlth  ..........               w - +3 ring of evasion
                                o - +3 ring of dexterity

@: petrified, somewhat resistant to hostile enchantments, extremely unstealthy
A: no food or potions, fire vulnerability, cold resistance 1, negative energy
resistance 3, torment resistance, unbreathing, in touch with death 1, restore
body
a: Self-Restoration, Trog's Hand, Brothers in Arms, Burn Spellbooks, Renounce
Religion


You were on level 6 of the Lair of Beasts.
You worshipped Trog.
Trog was extremely pleased with you.
You were not hungry.

You visited 2 branches of the dungeon, and saw 18 of its levels.
You visited the Abyss 1 time.
You also visited: Ossuary, Ice Cave and Volcano.

You collected 1872 gold pieces.
You spent 208 gold pieces at shops.

Inventory:

Hand Weapons
 B - a +2 great mace of protection (weapon)
 L - a +3 antimagic morningstar
Missiles
 H - 11 javelins of returning (quivered)
 J - a javelin
 M - 2 silver tomahawks
 P - 4 steel tomahawks
 R - 5 tomahawks
 X - 3 javelins of penetration
Armour
 c - a +0 pair of gloves (worn)
 d - a +2 helmet (worn)
 e - a +0 pair of boots (worn)
 t - a +0 plate armour
 x - a +1 chain mail of fire resistance (worn)
 A - a +1 cloak (worn)
 E - a +0 chain mail
Jewellery
 l - an amulet of faith (around neck)
 o - a +3 ring of dexterity (left hand)
 w - a +3 ring of evasion (right hand)
 C - an uncursed ring of teleportation
 N - an uncursed ring of protection from magic
 O - an uncursed ring of fire
Wands
 a - a wand of acid (0/15)
 p - a wand of iceblast (9/15)
 y - a wand of polymorph (0/24)
 I - a wand of disintegration (19/24)
 Q - a wand of flame (9/48)
 S - a wand of confusion (22/48)
 W - a wand of slowing (20/48)
 Y - a wand of slowing (34/48)
 Z - a wand of slowing (41/48)
Scrolls
 f - 2 scrolls of enchant armour
 g - a scroll of immolation
 h - 4 scrolls of amnesia
 i - 2 scrolls of noise
 j - 3 scrolls of fear
 k - 2 scrolls of magic mapping
 m - 3 scrolls of teleportation
 n - 2 scrolls of random uselessness
 s - 5 scrolls of recharging
 u - 4 scrolls of fog
 v - 2 scrolls of enchant weapon
 D - 10 scrolls of remove curse
 F - 2 scrolls of identify
 K - a scroll of holy word
 T - a scroll of blinking
Books
 b - a book of Annihilations

   Spells                             Type                      Level
   a - Poison Arrow                   Conjuration/Poison           6
   b - Chain Lightning                Conjuration/Air              8
   c - Lehudib's Crystal Spear        Conjuration/Earth            8
   d - Glaciate                       Conjuration/Ice              9
   e - Fire Storm                     Conjuration/Fire             9
   Trog disapproves of the use of such an item.
 U - a book of Minor Magic

   Spells                             Type                      Level
   a - Magic Dart                     Conjuration                  1
   b - Blink                          Translocation                2
   c - Call Imp                       Summoning                    2
   d - Repel Missiles                 Charms/Air                   2
   e - Slow                           Hexes                        2
   f - Conjure Flame                  Conjuration/Fire             3
   g - Mephitic Cloud                 Conjuration/Poison/Air       3
   Trog disapproves of the use of such an item.
 V - a book of Cantrips

   Spells                             Type                      Level
   a - Confusing Touch                Hexes                        1
   b - Animate Skeleton               Necromancy                   1
   c - Summon Small Mammal            Summoning                    1
   d - Apportation                    Translocation                1
   Trog disapproves of the use of such an item.
Miscellaneous
 G - a disc of storms


   Skills:
 - Level 9.0 Fighting
 * Level 17.3 Maces & Flails
 * Level 8.1 Throwing
 * Level 6.4 Armour
 * Level 6.2 Dodging


You had 14 spell levels left.
You didn't know any spells.

Dungeon Overview and Level Annotations

Branches:
Dungeon (12/15)            Temple (0/1) D:5            Lair (6/6) D:8
 Shoals (0/4) Lair:2       Spider (0/4) Lair:4        Slime (0/5) Lair:6
    Orc: D:9-12

Altars:
Ashenzari
Cheibriados
Dithmenos
Fedhas
Gozag
Kikubaaqudgha
Makhleb
Okawaru
Pakellas
Ru
Sif Muna
Uskayaw
Xom
Yredelemnul
Zin
The Shining One
Beogh
Jiyva

Shops:
D:4 [

Annotations:
D:6 1 exclusion


Innate Abilities, Weirdness & Mutations

You do not eat or drink.
Your flesh is vulnerable to fire.
You are immune to poison.
Your flesh is cold resistant. (rC+)
You are immune to negative energy. (rN+++)
You are immune to unholy pain and torment.
You can survive without breathing.
You are in touch with the powers of death.
You can restore your body by infusing magical energy.


Message History

You are engulfed in calcifying dust.
The death yak gores you but does no damage.
The catoblepas gores you!
* * * LOW HITPOINT WARNING * * *
You are engulfed in calcifying dust.
The death yak gores you!
* * * LOW HITPOINT WARNING * * *
The catoblepas gores you but does no damage.
The death yak gores you but does no damage.
The catoblepas gores you.
The river rat bites you but does no damage.
The death yak gores you!
* * * LOW HITPOINT WARNING * * *
The catoblepas gores you but does no damage.
The river rat bites you.
* * * LOW HITPOINT WARNING * * *
The eight-headed hydra is no longer petrified.
The river rat stops moving altogether!
The death yak gores you!
* * * LOW HITPOINT WARNING * * *
The catoblepas gores you!!
You die...

###..###########.........#..
#....###..##...#.........##.
###.###P.......#......)P..#.
##.###.#......#...P..†...%.
#...#####.....#............
##..##...#........#...#....
#..##..##...#.#...........
###.###...#.r...............
#...# ####Y@...#(...........
###.# ###.YD.#.#............
#.###....#####.......#....
##..#.....#[..#.......##...
#..##.....##..#####.####...
##.##.........####### ##..
#...##.....####..##.# #..
##..###........#.....# ##..
#...# ##......§......## #P..


You could see a death yak, a catoblepas, an eight-headed hydra and a river rat
(petrified).

Vanquished Creatures
  10 hydras
  Erolcha (D:9)
  15 death yaks
  Sonja (Lair:2)
  A lindwurm (Lair:4)
  2 hill giants
  Pikel (D:4)
  An ugly thing (D:11)
  3 griffons
  A manticore (Lair:6)
  A salamander (Volcano)
  6 elephants (Lair:6)
  4 black mambas
  Joseph (D:9)
  An ice statue (IceCv)
  Psyche (D:12)
  A torpor snail (Lair:5)
  25 spiny frogs
  5 rime drakes
  10 komodo dragons
  2 polar bears (Lair:3)
  A tengu conjurer (D:11)
  4 trolls
  3 two-headed ogres
  A boulder beetle (Lair:4)
  36 blink frogs
  A redback (Lair:4)
  47 yaks
  A wraith (D:11)
  A wyvern (D:11)
  Sigmund (D:2)
  A vampire (D:11)
  4 basilisks
  2 shadows (D:11)
  2 hungry ghosts
  A hog (D:7)
  7 fire bats (Volcano)
  A human (D:7)
  A steam dragon (Volcano)
  11 hippogriffs
  2 mottled dragons (Volcano)
  16 water moccasins
  2 hell hounds (Lair:3)
  Duvessa (D:4)
  9 porcupines
  2 orc warriors
  4 sky beasts
  14 ice beasts
  4 phantoms
  4 slaves (D:5)
  A necrophage (D:11)
  8 ogres
  A black bear (D:9)
  2 wasps
  5 centaurs
  21 crocodiles
  A big kobold (D:9)
  A wyvern zombie (D:8)
  13 giant frogs
  A gnoll sergeant (D:9)
  Dowan (D:4)
  4 scorpions
  A wyvern skeleton (D:7)
  5 killer bees
  A wight (D:6)
  4 crimson imps
  2 human zombies (Ossuary)
  A centaur zombie (D:8)
  13 hounds
  5 jellies
  2 centaur skeletons
  2 giant frog skeletons
  2 gnoll shamans (D:5)
  18 orc priests
  Crazy Yiuf (D:6)
  12 iguanas
  18 orc wizards
  5 worker ants
  12 sheep
  A big kobold zombie (Ossuary)
  A hound skeleton (D:6)
  2 mummies (Ossuary)
  A worker ant zombie (D:11)
  Robin (D:4)
  2 howler monkey skeletons
  35 gnolls
  11 adders
  35 river rats
  5 shadow imps
  3 white imps (Lair:1)
  An ooze (D:2)
  An adder skeleton (D:5)
  A worm (D:2)
  2 dart slugs
  2 giant geckos (D:2)
  70 orcs
  5 giant cockroaches
  22 goblins
  10 hobgoblins
  21 jackals
  5 quokkas
  A ball python (D:7)
  4 bats
  A giant cockroach zombie (D:6)
  7 giant newts
  A goblin zombie (Ossuary)
  12 hobgoblin zombies (Ossuary)
  2 jackal zombies (Ossuary)
  10 kobolds
  11 kobold zombies (Ossuary)
  4 orc zombies (Ossuary)
  7 rats
  4 rat zombies
  2 fungi (D:8)
743 creatures vanquished.

Vanquished Creatures (collateral kills)
  A fire dragon (Volcano)
  2 hydras (Lair:1)
  2 ice dragons (IceCv)
  An ice statue (IceCv)
  A rime drake (IceCv)
  A water moccasin (Lair:1)
  An orc warrior (D:9)
  3 ice beasts (IceCv)
  4 killer bees (D:7)
  A jelly (D:7)
  2 orc wizards (D:9)
  9 white imps (Lair:1)
28 creatures vanquished.

Vanquished Creatures (others)
  A wyvern (Volcano)
  A steam dragon (Volcano)
  An orc warrior (D:6)
  An orc (D:6)
  23 fungi
  54 plants
81 creatures vanquished.

Grand Total: 852 creatures vanquished

Notes
Turn   | Place    | Note
-------+----------+-------------------------------------------
     0 | D:1      | Kurtz the Mummy Berserker began the quest for the Orb.
     0 | D:1      | Reached XP level 1. HP: 18/18 MP: 1/1
   774 | D:1      | Reached XP level 2. HP: 24/24 MP: 2/2
  1077 | D:2      | Reached skill level 3 in Maces & Flails
  1410 | D:1      | Reached XP level 3. HP: 29/29 MP: 3/3
  1452 | D:2      | Found a shadowy altar of Dithmenos.
  1511 | D:2      | Reached ** piety under Trog
  1626 | D:2      | Reached skill level 4 in Maces & Flails
  1645 | D:2      | Reached XP level 4. HP: 31/35 MP: 4/4
  1693 | D:2      | Noticed Sigmund
  1706 | D:2      | Killed Sigmund
  1706 | D:2      | Reached skill level 5 in Maces & Flails
  1706 | D:2      | Reached XP level 5. HP: 22/41 MP: 5/5
  2091 | D:3      | Found an oddly glowing altar of Pakellas.
  2248 | D:3      | Found a sacrificial altar of Ru.
  2268 | D:3      | Reached XP level 6. HP: 37/47 MP: 6/6
  2410 | D:3      | Found a blossoming altar of Fedhas.
  2461 | D:3      | Noticed a sky beast
  2486 | D:3      | Killed a sky beast
  2486 | D:3      | Reached skill level 6 in Maces & Flails
  2624 | D:4      | Noticed Duvessa
  2625 | D:4      | Noticed Dowan
  2665 | D:4      | Killed Duvessa
  2665 | D:4      | Reached XP level 7. HP: 17/52 MP: 7/7
  2996 | D:4      | Reached *** piety under Trog
  3035 | D:4      | Reached skill level 7 in Maces & Flails
  3250 | D:4      | Found Jolyhyby's Armour Emporium.
  3283 | D:4      | Found an iron altar of Okawaru.
  3299 | D:4      | Bought a +2 hat for 208 gold pieces
  3338 | D:4      | Found an opulent altar of Gozag.
  3378 | D:4      | Found an ancient bone altar of Kikubaaqudgha.
  3514 | D:4      | Found a shattered altar of Ashenzari.
  3928 | D:4      | Killed Dowan
  3987 | D:4      | Noticed Robin
  4047 | D:4      | Killed Robin
  4082 | D:4      | Reached **** piety under Trog
  4295 | D:5      | Entered Level 5 of the Dungeon
  4471 | D:5      | Reached skill level 8 in Maces & Flails
  4490 | D:5      | Noticed Pikel
  4594 | D:4      | Killed Pikel
  4594 | D:4      | Reached skill level 9 in Maces & Flails
  4594 | D:4      | Reached XP level 8. HP: 26/58 MP: 8/8
  5043 | D:5      | Found a hide-covered altar of Uskayaw.
  5046 | D:5      | Found a staircase to the Ecumenical Temple.
  5402 | D:5      | Reached ***** piety under Trog
  5617 | D:5      | Reached skill level 10 in Maces & Flails
  5945 | D:5      | Found a snail-covered altar of Cheibriados.
  6030 | D:5      | Reached XP level 9. HP: 61/63 MP: 9/9
  6111 | D:6      | Found a sand-covered staircase.
  6122 | Ossuary  | Entered an ossuary
  6519 | D:6      | Found a shimmering altar of Xom.
  6706 | D:6      | Found a runed door.
  6838 | D:6      | Found a glowing silver altar of Zin.
  7310 | D:6      | Noticed Crazy Yiuf
  7317 | D:6      | Killed Crazy Yiuf
  7371 | D:7      | Received a gift from Trog
  7384 | D:7      | Reached skill level 11 in Maces & Flails
  7938 | D:7      | Found a burning altar of Makhleb.
  8017 | D:7      | Found a basalt altar of Yredelemnul.
  8575 | D:7      | Found a glowing golden altar of the Shining One.
  8973 | D:7      | Reached skill level 5 in Fighting
  8981 | D:7      | Reached XP level 10. HP: 63/74 MP: 10/10
  9127 | D:8      | Found a staircase to the Lair.
  9280 | D:8      | Found a runed door.
  9856 | D:8      | Reached skill level 12 in Maces & Flails
 10292 | D:8      | Found a roughly hewn altar of Beogh.
 10558 | D:9      | Noticed Joseph
 10598 | D:9      | Killed Joseph
 10598 | D:9      | Reached skill level 1 in Throwing
 10684 | D:9      | Received a gift from Trog
 11207 | D:9      | Noticed Erolcha
 11802 | D:9      | Found a deep blue altar of Sif Muna.
 11836 | D:9      | Received a gift from Trog
 12263 | Lair:1   | Entered Level 1 of the Lair of Beasts
 12275 | Lair:1   | Noticed a spiny frog
 12282 | Lair:1   | Killed a spiny frog
 12306 | Lair:1   | Found a frozen archway.
 12309 | Lair:1   | Noticed an eight-headed hydra
 12363 | Lair:1   | Killed an eight-headed hydra
 12363 | Lair:1   | Reached skill level 13 in Maces & Flails
 12363 | Lair:1   | Reached XP level 11. HP: 27/80 MP: 11/11
 12385 | IceCv    | Entered an ice cave
 13687 | IceCv    | Noticed an ice dragon
 13688 | IceCv    | Noticed an ice dragon
 13720 | IceCv    | Killed an ice dragon
 13759 | IceCv    | Killed an ice dragon
 14478 | Lair:1   | Noticed an eight-headed hydra
 14494 | Lair:1   | Killed an eight-headed hydra
 14552 | Lair:1   | Found a shadowy altar of Dithmenos.
 14600 | Lair:1   | Noticed a four-headed hydra
 14623 | Lair:1   | Killed a four-headed hydra
 15080 | Lair:1   | Reached skill level 14 in Maces & Flails
 15743 | Lair:2   | Noticed a death yak
 15746 | Lair:2   | Noticed a death yak
 15746 | Lair:2   | Noticed a death yak
 15803 | Lair:1   | Killed a death yak
 16045 | Lair:2   | Noticed Sonja
 16064 | Lair:2   | Noticed a five-headed hydra
 16072 | Lair:2   | Noticed a death yak
 16073 | Lair:2   | Noticed a death yak
 16074 | Lair:2   | Noticed a death yak
 16145 | Lair:1   | Killed a death yak
 16342 | Lair:2   | Reached XP level 12. HP: 67/89 MP: 4/12
 16381 | Lair:2   | Killed a five-headed hydra
 17089 | Lair:2   | Found a staircase to the Shoals.
 17154 | Lair:2   | Cast into level 1 of the Abyss (Sonja)
 17250 | Lair:2   | Escaped the Abyss
 17625 | Lair:1   | Killed a death yak
 18430 | D:9      | Received a gift from Trog
 18860 | D:9      | Killed Erolcha
 18903 | D:10     | Entered Level 10 of the Dungeon
 18936 | D:10     | Received a gift from Trog
 20086 | D:11     | Reached skill level 5 in Throwing
 20360 | D:11     | Received a gift from Trog
 20545 | D:11     | Reached skill level 15 in Maces & Flails
 20636 | D:11     | Reached skill level 5 in Dodging
 21591 | D:12     | Noticed Psyche
 21599 | D:12     | Killed Psyche
 21708 | D:12     | Found a glowing silver altar of Zin.
 21708 | D:12     | Noticed a centaur warrior
 22893 | Lair:1   | Killed a death yak
 22893 | Lair:1   | Gained mutation: You are in touch with the powers of death. [Mummy growth]
 22893 | Lair:1   | Gained mutation: You can restore your body by infusing magical energy. [Mummy growth]
 22893 | Lair:1   | Reached XP level 13. HP: 79/98 MP: 4/13
 24009 | Lair:2   | Killed Sonja
 24905 | Lair:2   | Received a gift from Trog
 25175 | Lair:3   | Found a dark tunnel.
 25199 | Volcano  | Entered a volcano
 26334 | Volcano  | Noticed a fire dragon
 26344 | Volcano  | Killed a fire dragon
 26952 | Lair:3   | Reached skill level 16 in Maces & Flails
 26975 | Lair:3   | Found an oddly glowing altar of Pakellas.
 27098 | Lair:3   | Received a gift from Trog
 29034 | Lair:4   | Found a hole to the Spider Nest.
 29626 | Lair:4   | Received a gift from Trog
 30298 | Lair:5   | Reached XP level 14. HP: 108/108 MP: 4/14
 30843 | Lair:6   | Entered Level 6 of the Lair of Beasts
 31398 | Lair:5   | Received a gift from Trog
 33188 | Lair:4   | Received a gift from Trog
 33188 | Lair:4   | Reached skill level 5 in Armour
 35379 | Lair:4   | Reached skill level 17 in Maces & Flails
 36590 | Lair:6   | Found a staircase to the Slime Pits.
 36592 | Lair:6   | Found a viscous altar of Jiyva.
 36724 | Lair:6   | Received a gift from Trog
 37208 | Lair:6   | Received a gift from Trog
 37390 | Lair:6   | Reached XP level 15. HP: 85/113 MP: 15/15
 37917 | Lair:6   | HP: 1/113 [death yak (6)]
 37917 | Lair:6   | Mangled by a catoblepas

Vault maps used:
D:1:      dpeg_arrival_rooms_with_view
D:2:      grunt_dithmenos_smoke_and_mirrors, uniq_sigmund
D:3:      fedhas_altar_1, grunt_pakellas_mercury,
          hangedman_abyss_or_decor_lesser_grid, roderic_roman_lattice,
          nicolae_ru_great_annihilating_truth
D:4:      kennysheep_goblin_castle, okawaru_metal_pillars_1_2,
          evilmike_ruin_ashenzari, overflow_temple_1_default, serial_shops,
          nicolae_shop_waterfront, first_bread, nrook_mini_vaults,
          lemuel_statue_altar, uniq_duvessa
D:5:      lemuel_castle_with_subvaults, kennysheep_slug_shrine,
          overflow_temple_1_default, serial_park, uniq_pikel
D:6:      xom_confusion_cloud, zin_academy, enter_ossuary_3,
          grunt_ministairs_12, dk_noncrumbling_4, uniq_crazy_yiuf_cottage
D:7:      nicolae_overflow_crystal_walls, lemuel_round_altar, basic_altar,
          grunt_livestock
D:8:      dpeg_oklobed_lair, lightli_church_of_beogh
D:9:      led_sif_book, uniq_erolcha, uniq_joseph
D:10:     minivault_22
D:12:     david_orc_3, minmay_ruined_shrine, uniq_psyche
Lair:1:   portal_ice_cave_entry_imps, basic_altar, serial_bayou_shore_b,
          grunt_megastairs_3
Lair:2:   shoals_dummy_entry, lemuel_fruit_fields, infiniplex_staircase_pool,
          serial_bayou_shore_b, uniq_sonja
Lair:3:   beast_lair_carwin_large_1, enter_volcano_3, lemuel_centaur_altar
Lair:4:   spider_nest_entry_rubble, lookout_lair_type, grunt_megastairs_1
Lair:6:   hangedman_lair_in_review, slime_altar_1, st_stairs_5,
          grunt_megastairs_4
Ossuary:  ossuary_tomb_1
IceCv:    ice_cave_small_dragons
Volcano:  pf_volcano_lost_world

Skill      XL: |  1  2  3  4  5  6  7  8  9 10 11 12 13 14 |
---------------+-------------------------------------------+-----
Maces & Flails | 3 4 5 6 9 10 11 13 14 15 16 17 | 17.3
Fighting       | 5 6 7 9 |  9.0
Dodging        | 2 3 5 6 |  6.2
Throwing       | 2 4 5 6 8 |  8.1
Armour         | 2 3 6 |  6.4

Action                   |  1- 3 |  4- 6 |  7- 9 | 10-12 | 13-15 || total
-------------------------+-------+-------+-------+-------+-------++-------
Melee: Mace              |    97 |   133 |   119 |       |       ||   349
       Flail             |       |       |   807 |   430 |       ||  1237
       Great mace        |       |       |       |    58 |   350 ||   408
       Morningstar       |       |       |       |   644 |   750 ||  1394
 Fire: Blowgun           |       |       |       |     2 |       ||     2
Throw: Tomahawk          |       |       |       |    42 |    19 ||    61
       Throwing net      |       |       |       |     2 |       ||     2
       Javelin           |       |       |       |    35 |   173 ||   208
Invok: Trog's Hand       |       |     1 |     3 |     5 |     2 ||    11
       Brothers in Arms  |       |       |     2 |     9 |     6 ||    17
       Burn Spellbooks   |       |       |       |     1 |     1 ||     2
Evoke: Wand              |       |     7 |     7 |    17 |     8 ||    39
  Use: Scroll            |       |       |     8 |    16 |     5 ||    29
 Stab: Confused          |       |     7 |     3 |       |       ||    10
       Paralysed         |       |     1 |       |       |       ||     1
       Held in net/web   |       |       |       |     1 |       ||     1
       Distracted        |       |       |       |     1 |     1 ||     2
       Petrified         |       |       |       |       |     2 ||     2
Armor: Scale mail        |    84 |    76 |    28 |       |       ||   188
       Plate armour      |       |       |   417 |   168 |       ||   585
       Chain mail        |       |       |       |   385 |   560 ||   945
Dodge: Dodged            |    80 |    71 |   359 |   613 |   685 ||  1808
